 Dungeon Crawl Stone Soup version 0.29-a0-1008-g949cc1d0fb (webtiles) character file.

Game seed: 16173440503006433815

569265 DungeonMaster the Demonic Barricade (level 25, 144/144 HPs)
             Began as a Demonspawn Wanderer on July 31, 2022.
             Was an Initiate of Gozag.
             Quit the game on level 3 of the Depths on Aug 7, 2022.
             The game lasted 06:55:48 (108106 turns).

DungeonMaster the Demonic Barricade (DsWn)        Turns: 108106, Time: 06:55:48

Health: 144/144    AC: 28    Str: 12      XL:     25   Next: 59%
Magic:  34/34      EV: 14    Int: 36      God:    Gozag
Gold:   2177       SH: 37    Dex: 16 (17) Spells: 2/56 levels left

rFire   + + .      SeeInvis +   s - +10 hand axe of Kyadisush {vorpal, Fly rN++}
rCold   . . .      Faith    .   i - +7 tower shield "Ashyv" {rPois rCorr Str-4 Int+4}
rNeg    + + .      Spirit   +   J - +6 fire dragon scales of Fun {rF++ rC- Str+2 Int+3}
rPois   +          Reflect  +   p - +2 helmet {SInv}
rElec   +          Harm     .   K - scarf {repulsion}
rCorr   +          Rampage  +   (gloves unavailable)
Will    +....      Rnd*Tele +   f - +2 pair of boots {rampage}
Stlth   ..........              x - amulet of Vegrum {Reflect rElec Str+7 SH+5}
HPRegen 0.34/turn               X - ring "Ypnedd" {rElec AC+4 Int+7 Dex-3}
MPRegen 0.48/turn               j - ring of Gozag's Felicitations {rC+ Int+2 Dex+6 Slay+2}

@: flying, repel missiles
A: thin metallic scales 3, powered by pain 1, magic shield, magic regeneration,
magic link, black mark, bedeviling, aura of silence, demonic touch 3, deformed
body, robust 1, screaming 2, evolution 1, [clumsy 2], [deterioration 1], [dopey
1], [frail 2], [low MP 2], [teleportitis 2], [weak 2], [no potion heal 1],
[subdued magic 2], [inability to drink while threatened 1]
}: 3/15 runes: serpentine, barnacled, silver
a: Renounce Religion, Potion Petition, Call Merchant, Bribe Branch


You were on level 3 of the Depths.
You worshipped Gozag.
Gozag was most pleased with you.
You visited 11 branches of the dungeon, and saw 49 of its levels.
You visited the Abyss 3 times.
You visited 3 bazaars.
You visited 1 ziggurat, and saw 5 of its levels.

You collected 29486 gold pieces.
You spent 12651 gold pieces at shops.
You paid 14658 gold pieces to Gozag.

Inventory:

Hand Weapons
 a - the +8 hammer "Hazxoa" {flame, Int+6}
   (You found it on level 7 of the Dungeon)

   It burns those it strikes, dealing additional fire damage.
   Int:       It affects your intelligence (+6).
 d - the +8 morningstar "Voipnuw" {vorpal, *Corrode rN+++ Str+5 Dex+2}
   (You found it on level 5 of the Vaults)

   It inflicts extra damage upon your enemies.
   Str:       It affects your strength (+5).
   Dex:       It affects your dexterity (+2).
   rN:        It renders you almost immune to negative energy.
   *Corrode:  It may corrode you when you take damage.
 s - the +10 hand axe of Kyadisush (weapon) {vorpal, Fly rN++}
   (You took it off a rakshasa on level 1 of the Depths)

   It inflicts extra damage upon your enemies.
   rN:        It greatly protects you from negative energy.
   Fly:       It grants you flight.
Missiles
 N - 7 curare-tipped darts (quivered)
 S - 3 throwing nets
Armour
 f - a +2 pair of boots of rampaging (worn)
 i - the +7 tower shield "Ashyv" (worn) {rPois rCorr Str-4 Int+4}
   (You bought it in a shop on level 15 of the Dungeon)

   Str:       It affects your strength (-4).
   Int:       It affects your intelligence (+4).
   rPois:     It protects you from poison.
   rCorr:     It protects you from acid and corrosion.
 p - a +2 helmet of see invisible (worn)
 J - the +6 fire dragon scales of Fun (worn) {rF++ rC- Str+2 Int+3}
   (You took it off a deep elf blademaster on level 3 of the Elven Halls)

   Str:       It affects your strength (+2).
   Int:       It affects your intelligence (+3).
   rF:        It greatly protects you from fire.
   rC:        It makes you vulnerable to cold.
 K - a scarf of repulsion (worn)
Jewellery
 e - the ring "Vigedd" {Wiz rN+}
   (You bought it in a shop on level 15 of the Dungeon)

   [ring of wizardry]

   It improves your spell success rate.
   rN:        It protects you from negative energy.
 j - the ring of Gozag's Felicitations (right hand) {rC+ Int+2 Dex+6 Slay+2}
   (You bought it in a shop on level 3 of the Snake Pit)

   [ring of dexterity]

   Int:       It affects your intelligence (+2).
   Dex:       It affects your dexterity (+6).
   Slay:      It affects your accuracy & damage with ranged weapons and melee
   (+2).
   rC:        It protects you from cold.
 x - the amulet of Vegrum (around neck) {Reflect rElec Str+7 SH+5}
   (You found it on level 3 of a ziggurat)

   [amulet of reflection]

   It reflects blocked missile attacks.
   Str:       It affects your strength (+7).
   rElec:     It insulates you from electricity.
   SH:        It affects your SH (+5).
 X - the ring "Ypnedd" (left hand) {rElec AC+4 Int+7 Dex-3}
   (You took it off a deep elf high priest on level 3 of the Elven Halls)

   [ring of protection]

   AC:        It affects your AC (+4).
   Int:       It affects your intelligence (+7).
   Dex:       It affects your dexterity (-3).
   rElec:     It insulates you from electricity.
 Z - the amulet of Virtue {Regen+ Str+4 SInv}
   (You took it off a deep elf pyromancer on level 3 of the Elven Halls)

   [amulet of regeneration]

   Str:       It affects your strength (+4).
   SInv:      It lets you see invisible.
   Regen:     It increases your rate of health regeneration.
Wands
 u - a wand of roots (33)
 w - a wand of digging (5)
 A - a wand of light (31)
 B - a wand of flame (87)
 G - a wand of mindburst (26)
 V - a wand of paralysis (37)
Scrolls
 c - 2 scrolls of immolation
 g - 8 scrolls of poison
 k - 13 scrolls of magic mapping
 q - a scroll of amnesia
 t - 9 scrolls of fear
 z - 19 scrolls of teleportation
 L - 5 scrolls of blinking
 Q - 12 scrolls of butterflies
Potions
 b - 3 potions of heal wounds
 h - a potion of invisibility
 l - 6 potions of might
 m - 25 potions of curing
 n - 12 potions of cancellation
 o - 5 potions of haste
 r - 2 potions of resistance
 D - 3 potions of flight
 F - 2 potions of magic
 I - 2 potions of berserk rage
Miscellaneous
 v - a tin of tremorstones (2/2)
 O - a condenser vane
 P - a lightning rod (4/4)
 T - a box of beasts
 W - a phantom mirror


   Skills:
 - Level 4.8 Fighting
 - Level 10.0 Armour
 - Level 13.1 Dodging
 - Level 1.0 Stealth
 O Level 27 Shields
 * Level 16.1 Spellcasting
 - Level 12.1 Conjurations
 - Level 14.1 Necromancy
 - Level 8.8 Translocations
 * Level 9.4 Transmutations
 - Level 13.9 Fire Magic
 - Level 10.0 Ice Magic
 - Level 10.0 Air Magic
 * Level 9.4 Earth Magic


You had 2 spell levels left.
You knew the following spells:

 Your Spells              Type           Power      Damage    Failure   Level
a - Stone Arrow           Conj/Erth      100%       3d13      1%          3
b - Iron Shot             Conj/Erth      30%        9d6       8%          6
c - Iskenderun's Mystic   Conj/Tloc      60%        2d13      1%          4
d - Freezing Cloud        Conj/Ice/Air   30%        6-21      1%          5
e - Borgnjor's Vile Clut  Necr/Erth      31%        N/A       1%          5
f - Fire Storm            Conj/Fire      33%        8d9       100%        9
g - Conjure Ball Lightni  Conj/Air       30%        3x3d10    6%          6
h - Apportation           Tloc           100%       N/A       1%          1
i - Passwall              Tmut/Erth      47%        N/A       1%          2
j - Mephitic Cloud        Conj/Pois/Air  50%        N/A       1%          3
k - Airstrike             Air            29%        2d(5-21)  1%          4
l - Statue Form           Tmut/Erth      38%        N/A       14%         6

Your spell library contained the following spells:

 Spells                   Type           Power      Damage    Failure   Level
 Magic Dart               Conj           100%       1d8       0%          1
 Necrotise                Necr           100%       1d9       0%          1
 Shock                    Conj/Air       100%       1d9       0%          1
 Scorch                   Fire           100%       2d10      0%          2
 Sublimation of Blood     Necr           69%        N/A       0%          2
 Beastly Appendage        Tmut           100%       N/A       1%          1
 Freeze                   Ice            100%       1d11      1%          1
 Sandblast                Erth           100%       2d20      1%          1
 Ensorcelled Hibernation  Hex/Ice        100%       N/A       1%          2
 Static Discharge         Conj/Air       61%        3-11/arc  1%          2
 Wereblood                Tmut           57%        N/A       1%          2
 Slow                     Hex            100%       N/A       3%          1
 Call Imp                 Summ           18%        N/A       6%          2
 Vampiric Draining        Necr           69%        2d10      0%          3
 Dazzling Flash           Conj/Hex       100%       N/A       1%          3
 Frozen Ramparts          Ice            100%       1d16      1%          3
 Ozocubu's Armour         Ice            58%        N/A       1%          3
 Portal Projectile        Hex/Tloc       100%       N/A       1%          3
 Spider Form              Tmut/Pois      39%        N/A       1%          3
 Swiftness                Air            58%        N/A       1%          3
 Anguish                  Hex/Necr       33%        N/A       1%          4
 Flame Wave               Conj/Fire      67%        2d15      1%          4
 Hailstorm                Conj/Ice       61%        3d13      1%          4
 Ice Form                 Ice/Tmut       58%        N/A       1%          4
 Petrify                  Tmut/Erth      57%        N/A       1%          4
 Agony                    Necr           69%        N/A       1%          5
 Blade Hands              Tmut           28%        N/A       1%          5
 Irradiate                Conj/Tmut      30%        3d21      1%          5
 Iskenderun's Battlesphe  Conj           64%        2d11      1%          5
 Lightning Bolt           Conj/Air       30%        1d47      1%          5
 Starburst                Conj/Fire      33%        6d10      2%          6
 Animate Armour           Summ/Erth      78%        N/A       5%          4
 Confusing Touch          Hex            27%        N/A       13%         3
 Summon Guardian Golem    Hex/Summ       27%        N/A       13%         3
 Tukima's Dance           Hex            27%        N/A       13%         3
 Metabolic Englaciation   Hex/Ice        28%        N/A       16%         5
 Alistair's Intoxication  Tmut/Pois      26%        N/A       17%         5
 Summon Forest            Summ/Tloc      18%        N/A       21%         5
 Orb of Destruction       Conj           32%        9d10      28%         7
 Dragon Form              Tmut           28%        N/A       65%         7
 Infestation              Necr           34%        N/A       69%         8
 Eringya's Noxious Bog    Tmut/Pois      19%        N/A       73%         6
 Summon Mana Viper        Hex/Summ       27%        N/A       80%         5
 Haunt                    Necr/Summ      24%        N/A       93%         7
 Necromutation            Tmut/Necr      31%        N/A       95%         8
 Spellforged Servitor     Conj/Summ      22%        N/A       98%         7
 Maxwell's Capacitive Co  Air            29%        ∞         99%         8
 Summon Cactus Giant      Summ           9%         N/A       100%        6
 Summon Hydra             Summ           9%         N/A       100%        7
 Discord                  Hex            13%        N/A       100%        8
 Disjunction              Tloc           27%        N/A       100%        8
 Chain Lightning          Conj/Air       30%        3d40      100%        9
 Death's Door             Necr           34%        N/A       100%        9
 Polar Vortex             Ice            29%        N/A       100%        9
 Shatter                  Erth           28%        3d24*     100%        9
 Animate Dead             Necr           Unusable   N/A       N/A         4
 Simulacrum               Ice/Necr       Unusable   N/A       N/A         6

Dungeon Overview and Level Annotations

Branches:
Dungeon (15/15)            Temple (1/1) D:4            Lair (5/5) D:11
 Shoals (4/4) Lair:2        Snake (4/4) Lair:3        Slime (0/5) Lair:5
    Orc (2/2) D:12            Elf (3/3) Orc:2        Vaults (5/5) D:13
  Crypt (3/3) Vaults:2       Tomb (0/3) Crypt:3      Depths (4/4) D:15
    Zot (3/5) Depths:4

Altars:
Ashenzari
Cheibriados
Dithmenos
Fedhas
Gozag
Hepliaklqana
Kikubaaqudgha
Makhleb
Nemelex Xobeh
Qazlal
Ru
Trog
Uskayaw
Vehumet
Xom
Yredelemnul

Shops:
D:1 =((?   D:4 :   D:11 :*   D:12 :*   D:15 *=([=*[=   Orc:2 (*(*:   Elf:2 [
Elf:3 *?(   Shoals:1 =   Snake:1 (   Snake:3 *(=   Snake:4 **   Vaults:4 [
Vaults:5 :   Depths:2 ***

Portals:
Hell: Depths:1 Depths:2 Depths:3 Depths:4
Abyss: Depths:3 Depths:4
Pandemonium: Orc:2 Depths:2
Trove: D:12 (give 7 scrolls of blinking)

Annotations:
D:2 Terence
D:6 Grinder
D:9 2 transporters
D:13 2 transporters, fly's ghost, novice FeDe
Lair:5 exclusion: obsidian statue
Shoals:1 exclusion: downstairs
Shoals:2 2 transporters, exclusion: orange crystal statue
Shoals:3 Bai Suzhen; Mlioglotl; Polyphemus
Shoals:4 Mara
Orc:1 3 runed translucent doors, antigravityiii's ghost, journeyman MiBe
Elf:1 exclusion: 5 doors
Elf:2 3 runed translucent doors
Vaults:3 3 runed translucent doors, dunno567's ghost, adept FeSu
Depths:2 3 runed translucent doors, exclusions: 2 Tzitzimimeh and obsidian statue, GrandHerb's ghost, adept MiFi
Zot:2 3 runed translucent doors, Ufuczy's ghost, legendary MiFi


Innate Abilities, Weirdness & Mutations

You are completely covered in thin metallic scales. (AC +4, rElec)
You sometimes gain a little power by taking damage.
When hurt, damage is shared between your health and your magic reserves.
You regenerate magic rapidly.
When low on magic, you restore magic in place of health.
Your melee attacks may debilitate your foes.
Your hexes are more powerful.
You are surrounded by an aura of silence.
Your touch may irresistibly damage your foes and sap their willpower.
Armour fits poorly on your strangely shaped body.
You are robust. (+10% HP)
You frequently scream uncontrollably at your foes.
You have hidden genetic potential.
[You are very clumsy. (Dex -4)]
[Your body sometimes deteriorates upon taking damage.]
[You are dopey. (Int -2)]
[You are very frail. (-20% HP)]
[Your magical capacity is very low. (-20% MP)]
[You are often teleported next to monsters.]
[You are very weak. (Str -4)]
[Potions are less effective at restoring your health.]
[Your spells are easier to cast, but less powerful.]
[You occasionally lose the ability to drink potions when taking damage.]


Message History

The bone dragon closely misses you.
The bone dragon tramples you but does no damage.
You slash the bone dragon!
The bone dragon is heavily damaged.
The bone dragon bites you but does no damage.
The bone dragon claws you. The bone dragon tramples you!
You are shoved backwards!
You slice the bone dragon!!
The bone dragon is severely damaged.
The bone dragon misses you. You block the bone dragon's attack.
The bone dragon tramples you but does no damage.
You slice the bone dragon!!
The bone dragon is almost destroyed.
You block the bone dragon's attack. x3
You slice the bone dragon!!
You destroy the bone dragon!
You feel the corruption within you wane somewhat.
You lose the ability to read scrolls when threatened less often.
Your system partly accepts the healing effects of potions.
You feel robust.
You lose the ability to drink potions when threatened less often.
You feel more energetic.
You feel clever.
You feel a little less angry.
You begin to regenerate regardless of the presence of monsters.
You feel a little more calm.
You can once more read scrolls while threatened.
You feel a little healthier.
You now have 2177 gold pieces (gained 28).
There is an empty arch of ancient stone here.
You are no longer berserk.
You are exhausted.
You feel yourself slow down.
Unknown command.
You feel yourself speed up.
You recover from your berserk rage.
Your transformation is almost over.
You revert to your normal fleshy form.
Your +2 pair of boots of rampaging unmelds from your body.
The +6 fire dragon scales of Fun {rF++ rC- Str+2 Int+3} unmelds from your body.
You feel ready to rampage towards enemies.
Are you sure you want to abandon this character and quit the game? (Confirm with "yes".)

#......##.######+###........##.#
#......##.# #.# #........##.#
#......##.# #.# #........#...
#......##.# #.###........#..#
#......#..# #...'........'..#
#......#.#######.###...=....#..#
#......#..........##.......≈≈≈..
#.....>'..####....##.....≈≈§###.
#......##.###..@..##....§§§≈# #.
####'####..#...§§..####§§≈≈≈###.
#.# ##....§§§§..###§≈≈§#...# #.#
#....≈§§...#.§§§§§#...# #.#
##..≈≈∩§§..#.≈≈≈≈#..... ###.#
#...≈≈§...#.≈≈§§#..... #...#
#....≈§...§§≈≈§#...... ###.#
##.......##≈≈≈≈#...... #.#
##....§§.##≈###.≈≈§...


There were no monsters in sight!

Vanquished Creatures
  2 orbs of fire
  A dread lich (Vaults:5)
  2 ancient liches
  Vashnia (Snake:2)
  A curse toe (Zot:3)
  A caustic shrike (Depths:3)
  2 golden dragons (Zot:3)
  A profane servitor (Crypt:3)
  3 electric golems
  3 bone dragons
  11 liches
  Rupert (D:13)
  12 tentacled monstrosities
  Zenata (Vaults:3)
  2 deep elf blademasters (Elf:3)
  An acid blob (Zig:4)
  2 walking earthen tomes
  3 titans
  5 quicksilver dragons
  2 deep elf master archers (Elf:3)
  A walking divine tome (Depths:3)
  A death cob (Zot:3)
  2 tentacled starspawn (Abyss:5)
  A kraken (Shoals:2)
  Gastronok (D:9)
  3 sphinxes
  9 tengu reavers
  Frances (Snake:2)
  5 ancient champions
  Donald (Snake:2)
  7 shadow dragons
  Agnes (Snake:1)
  Ilsuiw (Shoals:3)
  4 nagarajas (Snake:4)
  7 storm dragons
  10 fire giants
  2 draconian knights
  Aizul (Snake:1)
  11 vault wardens
  A revenant (Crypt:2)
  6 deep elf sorcerers
  2 orc warlords
  9 frost giants
  An iron dragon (Vaults:5)
  Louise (Snake:1)
  2 cacodemons
  2 ghost moths (Zot:3)
  3 draconian scorchers
  2 draconian stormcallers
  4 draconian annihilators
  5 deep elf elementalists (Elf:3)
  2 draconian shifters
  2 juggernaut zombies
  9 ghouls (Crypt:3)
  16 ironbound preservers
  4 curse skulls
  7 ironbound thunderhulks
  4 vampire knights
  A juggernaut skeleton (Depths:3)
  19 very ugly things
  14 stone giants
  2 war gargoyles
  3 deep elf annihilators
  Azrael (D:15)
  An entropy weaver (Vaults:2)
  A lorocyproca (Depths:2)
  7 white draconians
  2 black draconians
  4 green draconians
  10 deep elf demonologists
  2 yellow draconians
  3 purple draconians
  10 spark wasps
  7 dire elephants
  11 eidola (Crypt:3)
  A mummy priest (Crypt:3)
  9 jiangshi
  A crystal guardian (Vaults:1)
  13 deep elf death magi
  3 merfolk javelineers
  9 ettins
  6 merfolk impalers
  Josephine (D:15)
  6 fire dragons
  8 great orbs of eyes
  12 yaktaur captains
  7 deep elf high priests
  4 rakshasas
  A spriggan zombie (Crypt:3)
  5 boulder beetles
  9 ice dragons
  A hell beast (Depths:3)
  3 salamander tyrants (Snake:4)
  27 vault guards
  7 merfolk avatars
  A peacekeeper (Vaults:1)
  A spriggan skeleton (Crypt:1)
  3 spriggan air magi
  2 catoblepae
  13 naga warriors
  7 hydras
  An ogre mage (Vaults:5)
  An Orb Guardian zombie (Crypt:1)
  13 centaur warriors
  An anaconda (shapeshifter) (Elf:2)
  4 merfolk aquamancers
  14 ironbound frosthearts
  2 alligator snapping turtles (Shoals:4)
  18 anacondas
  2 two-headed ogres
  2 satyrs
  2 death knights (Crypt:3)
  A satyr (shapeshifter) (Vaults:2)
  2 demonspawn (Orc:2)
  15 dancing weapons
  3 tengu warriors
  An Orb Guardian skeleton (Crypt:2)
  2 deep troll shamans
  5 hell hogs
  22 death yaks
  11 thrashing horrors
  10 vampire magi
  18 naga sharpshooters
  3 spriggan berserkers (Depths:1)
  6 deep troll earth magi
  7 shock serpents
  The ghost of mardmx the Covert, a journeyman SpEn of Dithmenos (D:12)
  3 soul eaters
  Sonja (Lair:1)
  A titan zombie (Crypt:3)
  7 orc high priests (Orc:2)
  10 sun demons
  2 wretched stars (Abyss:5)
  A storm dragon zombie (Depths:3)
  15 deep elf knights
  25 hell knights
  2 titan skeletons
  A shadow wraith (Depths:4)
  12 salamander mystics (Snake:4)
  32 skeletal warriors
  A spectral death yak (Lair:5)
  A spatial maelstrom (Abyss:5)
  2 sixfirhies
  3 golden dragon zombies
  19 sea snakes
  A storm dragon skeleton (Crypt:1)
  A spectral anaconda (Lair:5)
  7 flayed ghosts
  37 deep trolls
  A bunyip zombie (Crypt:3)
  2 anaconda zombies
  5 iron trolls
  4 naga ritualists
  2 swamp dragons (Zig:2)
  An orange crystal statue (Crypt:2)
  A spriggan druid (Zig:2)
  18 starcursed masses
  A sphinx zombie (Depths:4)
  20 deep elf archers
  3 shadow demons
  13 wizards
  10 lindwurms
  26 harpies
  An anaconda skeleton (Crypt:2)
  18 ironbound convokers
  16 deep elf zephyrmancers
  23 necromancers
  12 orc knights
  20 phantasmal warriors
  36 ugly things
  2 wolf spiders (Crypt:3)
  37 deep elf pyromancers
  8 fauns
  An oklob plant (Lair:1)
  7 mana vipers
  7 orc sorcerers
  2 stone giant zombies
  7 cyclopes
  2 shining eyes (Depths:3)
  12 large abominations
  An iron dragon skeleton (Crypt:1)
  22 manticores
  A salamander (shapeshifter) (Vaults:5)
  17 elephants
  13 merfolk sirens
  24 salamanders
  19 vault sentinels
  2 water nymphs
  14 naga magi
  A rust devil (D:10)
  Maurice (D:12)
  A stone giant skeleton (Vaults:4)
  4 torpor snails (Depths:3)
  27 black mambas
  An eye of devastation (Depths:3)
  3 smoke demons
  Joseph (D:8)
  13 guardian serpents
  8 moths of wrath
  4 orange demons
  2 dire elephant zombies (Lair:5)
  4 centaur skeletons (D:13)
  2 kobold demonologists
  Maggie (D:8)
  A purple draconian zombie (Crypt:1)
  14 freezing wraiths
  12 cane toads
  Psyche (D:8)
  A naga skeleton (Crypt:1)
  A hellion (Depths:3)
  18 yaktaurs
  2 efreet
  A komodo dragon (shapeshifter) (Elf:2)
  4 rime drakes
  An unseen horror (Abyss:5)
  9 trolls
  2 ancient zymes
  A red draconian skeleton (Crypt:2)
  12 komodo dragons
  7 harpy zombies
  4 polar bears
  31 merfolk
  A queen bee (Lair:2)
  3 tengu conjurers
  3 red devils
  A hydra zombie (Crypt:3)
  Prince Ribbit (D:6)
  3 wind drakes
  A queen bee (shapeshifter) (Elf:3)
  25 slime creatures
  A moth of wrath zombie (Crypt:2)
  2 hornets
  A hydra skeleton (Crypt:1)
  A death drake skeleton (Crypt:2)
  9 raiju
  2 spectral elephants (Lair:5)
  7 blink frogs
  An ettin zombie (Crypt:3)
  10 dream sheep
  A guardian serpent zombie (Crypt:2)
  5 snapping turtles
  5 flying skulls (Crypt:1)
  An air elemental (Elf:2)
  A fire dragon skeleton (Crypt:1)
  A jumping spider (Crypt:3)
  A centaur simulacrum (Crypt:1)
  2 vampires
  14 water elementals
  3 shadows
  11 wraiths
  2 ynoxinuls
  58 yaks
  6 fire elementals
  3 basilisks
  4 redbacks (Crypt:3)
  5 fire bats (Abyss:5)
  7 wyverns
  4 humans (Lair:4)
  6 chaos spawn (Abyss:5)
  14 vampire mosquitoes
  A steam dragon (D:10)
  2 neqoxecs (Abyss:5)
  A glowing shapeshifter zombie (Vaults:4)
  4 wargs
  43 nagas
  20 water moccasins
  5 small abominations
  A two-headed ogre zombie (Crypt:1)
  A glowing shapeshifter skeleton (Crypt:1)
  A naga zombie (Crypt:3)
  An acid dragon (D:13)
  2 floating eyes (shapeshifter)
  A hell hound (D:15)
  A deep troll skeleton (Crypt:1)
  3 floating eyes (Depths:3)
  2 sky beasts (D:6)
  An ice beast (D:6)
  2 black bears
  2 manticore zombies
  37 orc warriors
  A boggart (Depths:3)
  A human zombie (Vaults:4)
  5 ogres
  13 wolves
  9 centaurs
  A lindwurm skeleton (Crypt:2)
  3 elephant skeletons (Lair:5)
  3 phantoms
  An elf zombie (Crypt:2)
  2 kobold brigands (D:13)
  7 bullfrogs
  A yaktaur skeleton (Crypt:1)
  15 necrophages
  A gnoll sergeant (Orc:1)
  A scorpion (D:5)
  6 wyvern skeletons (Crypt:3)
  5 wights
  2 cane toad simulacra (Lair:5)
  30 killer bees
  An elephant simulacrum (Lair:5)
  7 howler monkeys
  6 electric eels
  2 raiju skeletons
  Crazy Yiuf (D:7)
  4 hounds
  2 jellies (Lair:5)
  22 orc priests
  12 human skeletons (Vaults:2)
  Jessica (D:3)
  A gnoll bouda (D:8)
  20 orc wizards
  An iguana (D:5)
  An ogre skeleton (Crypt:2)
  3 mummies (Crypt:3)
  12 adders
  18 gnolls
  4 white imps
  An ufetubus (D:4)
  4 dart slugs
  91 orcs
  9 bats
  9 endoplasms
  4 giant cockroaches
  5 goblins
  A hobgoblin (D:1)
  3 jackals (D:1)
  4 quokkas
  7 ball pythons
  A frilled lizard (D:1)
  9 kobolds
  A kobold zombie (Crypt:1)
  An orc zombie (Crypt:2)
  2 rats (D:1)
  A bush (Lair:4)
  3 starspawn tentacles (Abyss:5)
  3 tentacles (Shoals:2)
2184 creatures vanquished.

Vanquished Creatures (collateral kills)
  Boris (thrice) (Vaults:4 Depths:4 Crypt:1)
  A profane servitor (Crypt:3)
  A dire elephant (Lair:5)
  An iron golem (Depths:1)
  A deep elf high priest (Elf:3)
  An ironbound convoker (Vaults:4)
  3 blink frogs (Lair:1)
  A necrophage (Crypt:3)
12 creatures vanquished.

Vanquished Creatures (others)
  A lich (Depths:1)
  A vault guard (Vaults:5)
  An anaconda (shapeshifter) (Vaults:5)
  A vampire mage (Depths:3)
  A naga sharpshooter (Snake:4)
  An air elemental (Elf:2)
  A chaos spawn (Abyss:5)
  A naga (Abyss:5)
  3 ball lightnings (Crypt:1)
  A butterfly (Depths:4)
  44 fungi
  183 plants
  3 starspawn tentacles (Abyss:5)
  6 tentacles (Shoals:2)
  46 withered plants
294 creatures vanquished.

Grand Total: 2490 creatures vanquished

Notes
Turn   | Place    | Note
-------+----------+-------------------------------------------
     0 | D:1      | DungeonMaster the Demonspawn Wanderer began the quest for
                  | the Orb.
     0 | D:1      | DungeonMaster set off with the following items: a +0
                  | dagger, a potion of heal wounds, a +0 robe, a +0 helmet;
                  | and the following spells available to memorise: Shock,
                  | Static Discharge, Swiftness, Airstrike.
     0 | D:1      | Reached XP level 1. HP: 13/13 MP: 5/5
     2 | D:1      | Learned a level 1 spell: Shock
   346 | D:1      | Gained mutation: You are partially covered in thin metallic
                  | scales. (AC +2) [demonic ancestry]
   346 | D:1      | Reached XP level 2. HP: 19/19 MP: 2/7
   407 | D:1      | Found Sifirydi's Antique Weapon Boutique.
   605 | D:1      | Found Ubikeucu's Weapon Shop.
   611 | D:1      | Reached skill level 1 in Conjurations
   821 | D:1      | Found a faded altar of an unknown god.
  1136 | D:1      | Found Vexaor's Jewellery Shoppe.
  1407 | D:1      | Found Vistrops's Magic Scroll Emporium.
  1702 | D:2      | Gained mutation: Your touch may inflict minor irresistible
                  | damage on your foes. [demonic ancestry]
  1702 | D:2      | Reached XP level 3. HP: 23/24 MP: 1/8
  2253 | D:2      | Gained mutation: Your touch may inflict irresistible damage
                  | on your foes. [demonic ancestry]
  2253 | D:2      | Reached XP level 4. HP: 30/30 MP: 3/10
  2312 | D:2      | Noticed Terence
  2708 | D:2      | Learned a level 2 spell: Static Discharge
  2713 | D:2      | Learned a level 4 spell: Airstrike
  2951 | D:2      | Found a sacrificial altar of Ru.
  3459 | D:3      | Gained mutation: You regenerate magic rapidly. [demonic
                  | ancestry]
  3459 | D:3      | Reached XP level 5. HP: 30/35 MP: 7/12
  3539 | D:3      | Noticed Jessica
  3542 | D:3      | Killed Jessica
  4185 | D:4      | Reached skill level 5 in Spellcasting
  4371 | D:4      | Noticed a +0 short sword
  4372 | D:4      | Noticed a +0 spear
  4372 | D:4      | Noticed a +0 dagger
  4373 | D:4      | Noticed a +0 spear
  4373 | D:4      | Noticed a +0 short sword
  4374 | D:4      | Noticed a +0 falchion
  4374 | D:4      | Noticed a +0 dagger
  4375 | D:4      | Noticed a +0 falchion
  4385 | D:4      | Found a hide-covered altar of Uskayaw.
  4424 | D:4      | Found an ancient bone altar of Kikubaaqudgha.
  4594 | D:4      | Found a staircase to the Ecumenical Temple.
  4597 | D:4      | Identified a scroll of acquirement
  4597 | D:4      | Acquired 845 gold pieces
  4607 | Temple   | Entered the Ecumenical Temple
  4669 | Temple   | Became a worshipper of Gozag Ym Sagoz the Greedy
  5010 | D:4      | Found a basalt altar of Yredelemnul.
  5136 | D:5      | Entered Level 5 of the Dungeon
  5190 | D:5      | Gained mutation: You are mostly covered in thin metallic
                  | scales. (AC +3) [demonic ancestry]
  5190 | D:5      | Reached XP level 6. HP: 41/41 MP: 7/13
  5841 | D:5      | Reached XP level 7. HP: 43/46 MP: 11/15
  6135 | D:6      | Reached skill level 5 in Air Magic
  6252 | D:6      | Reached skill level 1 in Fighting
  6664 | D:6      | Found a bloodstained altar of Trog.
  6696 | D:6      | Noticed Grinder
  6856 | D:7      | Gained mutation: You sometimes gain a little power by
                  | taking damage. [demonic ancestry]
  6856 | D:7      | Reached XP level 8. HP: 51/56 MP: 10/17
  7313 | D:7      | Noticed Prince Ribbit
  7334 | D:6      | HP: 1/58 [Prince Ribbit (14)]
  7336 | D:6      | Killed Prince Ribbit
  7819 | D:7      | Gained mutation: Your touch may irresistibly damage your
                  | foes and sap their willpower. [demonic ancestry]
  7819 | D:7      | Reached XP level 9. HP: 65/65 MP: 16/19
  8088 | D:7      | Identified the +4 war axe of Uwkukh {antimagic, Will+}
  9077 | D:6      | Found a hazy altar of Hepliaklqana.
  9379 | D:4      | Bought a book of Ice for 506 gold pieces
  9385 | D:4      | Learned a level 5 spell: Freezing Cloud
  9573 | D:7      | Found a runed translucent door.
  9574 | D:7      | Noticed Crazy Yiuf
  9575 | D:7      | Identified the +8 hammer "Hazxoa" {flame, Int+6}
  9586 | D:7      | Killed Crazy Yiuf
  9596 | D:7      | Identified the +5 hammer "Rollik" {vorpal, *Noise rPois
                  | Str+4 Int+4}
  9667 | D:8      | Found a stormy altar of Qazlal.
  9709 | D:8      | Reached skill level 1 in Ice Magic
  9808 | D:8      | Noticed Psyche
  9837 | D:8      | Killed Psyche
 10347 | D:8      | Reached skill level 5 in Ice Magic
 10455 | D:8      | Found a sacrificial altar of Ru.
 10455 | D:8      | Found a blossoming altar of Fedhas.
 10535 | D:8      | Noticed Maggie
 10538 | D:8      | Noticed Joseph
 10542 | D:8      | Killed Maggie
 10545 | D:8      | Killed Joseph
 10546 | D:8      | Gained mutation: When hurt, damage is shared between your
                  | health and your magic reserves. [demonic ancestry]
 10546 | D:8      | Reached XP level 10. HP: 56/73 MP: 12/21
 10881 | D:9      | Noticed Gastronok
 10893 | D:9      | Killed Gastronok
 11209 | D:9      | Found a transporter.
 11825 | D:9      | Found a transporter.
 12120 | D:1      | Bought an amulet of reflection for 300 gold pieces
 12198 | D:1      | Bought a scroll of identify for 28 gold pieces
 12198 | D:1      | Bought a scroll of identify for 28 gold pieces
 12198 | D:1      | Bought a scroll of identify for 28 gold pieces
 12201 | D:1      | Bought a scroll of magic mapping for 105 gold pieces
 12201 | D:1      | Bought a scroll of teleportation for 42 gold pieces
 12201 | D:1      | Bought a scroll of magic mapping for 105 gold pieces
 12201 | D:1      | Bought a scroll of poison for 56 gold pieces
 12364 | D:10     | Entered Level 10 of the Dungeon
 12371 | D:10     | Reached skill level 1 in Shields
 12374 | D:10     | Reached skill level 5 in Conjurations
 12437 | D:9      | Gained mutation: Your hexes are more powerful. [demonic
                  | ancestry]
 12437 | D:9      | Reached XP level 11. HP: 54/78 MP: 6/22
 12673 | D:10     | Found a radiant altar of Vehumet.
 12754 | D:10     | Reached skill level 2 in Shields
 12934 | D:10     | Found a burning altar of Makhleb.
 13460 | D:10     | Noticed a two-headed ogre
 13466 | D:10     | Killed a two-headed ogre
 13467 | D:10     | Reached skill level 10 in Ice Magic
 13982 | D:4      | Bought a book of Spectacle for 352 gold pieces
 13987 | D:4      | Learned a level 4 spell: Iskenderun's Mystic Blast
 14436 | D:11     | Found a flickering gateway to a bazaar.
 14466 | Bazaar   | Entered a bazaar
 14466 | Bazaar   | Found Cuhacaikh's Jewellery Emporium.
 14469 | Bazaar   | Found Zuib's Armour Boutique.
 14476 | Bazaar   | Found Soquti's Antique Armour Boutique.
 14505 | Bazaar   | Found Laapsoh's Antique Armour Boutique.
 14514 | Bazaar   | Bought a glowing robe for 103 gold pieces
 14526 | Bazaar   | Found Darupp's Book Boutique.
 14685 | D:11     | Reached skill level 3 in Shields
 14757 | D:11     | Found a staircase to the Lair.
 15053 | D:11     | Noticed a two-headed ogre
 15058 | D:11     | Killed a two-headed ogre
 15475 | D:12     | Found a staircase to the Orcish Mines.
 15805 | D:12     | You fall into a shaft and drop 2 floors!
 15821 | D:14     | Noticed a deep elf pyromancer
 15836 | D:14     | Killed a deep elf pyromancer
 15957 | D:13     | Noticed a two-headed ogre
 15957 | D:13     | Noticed a tengu warrior
 15957 | D:13     | Noticed a deep elf pyromancer
 15959 | D:13     | Noticed a centaur warrior
 15959 | D:13     | Noticed fly's ghost (novice FeDe)
 15979 | D:12     | Noticed a four-headed hydra
 15983 | D:12     | Killed a four-headed hydra
 15984 | D:12     | Reached skill level 10 in Conjurations
 16160 | D:12     | Found a runed translucent gate.
 16160 | D:12     | Found a runed translucent gate.
 16160 | D:12     | Found a runed translucent gate.
 16193 | D:12     | Noticed mardmx's ghost (journeyman SpEn)
 16406 | Lair:1   | Entered Level 1 of the Lair of Beasts
 16465 | Lair:1   | Noticed a death yak
 16466 | Lair:1   | Noticed a death yak
 16478 | Lair:1   | Killed a death yak
 16570 | Lair:1   | Reached XP level 12. HP: 81/85 MP: 18/23
 16636 | Lair:1   | Noticed Sonja
 16639 | Lair:1   | Killed Sonja
 16764 | Lair:1   | Reached skill level 4 in Shields
 16993 | Lair:1   | Reached skill level 1 in Translocations
 17296 | Lair:1   | Noticed a death yak
 17299 | Lair:1   | Killed a death yak
 17303 | Lair:1   | Killed a death yak
 17539 | Lair:1   | Noticed a boulder beetle
 17863 | Lair:1   | Killed a boulder beetle
 18706 | Lair:2   | Reached skill level 5 in Shields
 19466 | Lair:2   | Found a staircase to the Shoals.
 20865 | Lair:3   | Reached skill level 6 in Shields
 20993 | Lair:3   | Found a staircase to the Snake Pit.
 21001 | Lair:3   | Reached XP level 13. HP: 90/90 MP: 19/25
 21114 | Lair:3   | Found a frozen archway.
 21373 | Lair:3   | Identified the +8 flail of Behots {vorpal, Will+}
 21516 | Lair:3   | Reached skill level 5 in Translocations
 22691 | Lair:4   | Reached skill level 7 in Shields
 23322 | Lair:4   | Reached skill level 10 in Spellcasting
 23961 | Lair:5   | Entered Level 5 of the Lair of Beasts
 24115 | Lair:5   | Reached skill level 8 in Shields
 24128 | Lair:4   | Gained mutation: When low on magic, you restore magic in
                  | place of health. [demonic ancestry]
 24128 | Lair:4   | Reached XP level 14. HP: 35/96 MP: 2/28
 24469 | Lair:5   | Reached skill level 10 in Air Magic
 25850 | Lair:5   | Reached skill level 9 in Shields
 27158 | Lair:5   | Identified the +2 leather armour of Tucudata {Dex+6}
 27751 | Lair:5   | Found a runed translucent door.
 27756 | Lair:5   | Found a staircase to the Slime Pits.
 28470 | D:11     | Bought a book of Annihilations for 1080 gold pieces
 28482 | D:11     | Learned a level 9 spell: Fire Storm
 28524 | Orc:1    | Entered Level 1 of the Orcish Mines
 28595 | Orc:1    | Reached skill level 1 in Fire Magic
 29201 | Orc:1    | Found a runed translucent gate.
 29201 | Orc:1    | Found a runed translucent gate.
 29201 | Orc:1    | Found a runed translucent gate.
 29201 | Orc:1    | Noticed antigravityiii's ghost (journeyman MiBe)
 29921 | D:12     | Killed mardmx's ghost
 30671 | D:12     | Reached XP level 15. HP: 77/102 MP: 11/30
 30829 | D:12     | Found a portal to a secret trove of treasure.
 30868 | D:12     | Noticed Maurice
 30872 | D:12     | Killed Maurice
 30911 | D:12     | Found Mukeuk's Book Shoppe.
 31054 | D:12     | Bought a scroll of magic mapping for 232 gold pieces
 31054 | D:12     | Bought a scroll of summoning for 294 gold pieces
 31054 | D:12     | Bought a scroll of teleportation for 93 gold pieces
 31054 | D:12     | Bought a scroll of teleportation for 93 gold pieces
 31107 | Orc:2    | Entered Level 2 of the Orcish Mines
 31124 | Orc:2    | Reached skill level 5 in Fire Magic
 31513 | Orc:2    | Found a staircase to the Elven Halls.
 31701 | Orc:2    | Found Zoer's General Store.
 31710 | Orc:2    | Found Anosch's General Store.
 32026 | Orc:2    | Bought a potion of invisibility for 112 gold pieces
 32872 | Orc:2    | Found Wofy's Antique Weapon Shoppe.
 32872 | Orc:2    | Found Beqia's Book Emporium.
 32873 | Orc:2    | Found a one-way gate leading to the halls of Pandemonium.
 33206 | Orc:2    | Found Defont's Weapon Shop.
 33529 | Orc:2    | Bought a book of Geomancy for 252 gold pieces
 33533 | Orc:2    | Learned a level 3 spell: Stone Arrow
 33535 | Orc:2    | Learned a level 1 spell: Apportation
 33538 | Orc:2    | Learned a level 2 spell: Passwall
 34005 | D:13     | Reached skill level 1 in Transmutations
 34005 | D:13     | Reached skill level 1 in Earth Magic
 34492 | D:13     | Found a transporter.
 34503 | D:13     | Found a transporter.
 35883 | D:13     | Found a gate to the Vaults.
 35893 | D:13     | Noticed Rupert
 35905 | D:13     | Killed Rupert
 37627 | D:15     | Entered Level 15 of the Dungeon
 38136 | D:15     | Reached skill level 10 in Shields
 38930 | D:15     | HP: 4/102 [ice dragon/blast of cold (34)]
 39727 | D:15     | Found a staircase to the Depths.
 39857 | D:15     | Bought the ring "Vigedd" {Wiz rN+} for 741 gold pieces
 39862 | D:15     | Bought a ring of magical power for 360 gold pieces
 40313 | D:15     | Noticed Josephine
 40321 | D:15     | Killed Josephine
 40322 | D:15     | Gained mutation: You are completely covered in thin
                  | metallic scales. (AC +4, rElec) [demonic ancestry]
 40322 | D:15     | Reached XP level 16. HP: 98/108 MP: 18/31
 40523 | D:15     | Noticed Azrael
 40533 | D:15     | Killed Azrael
 40816 | D:15     | Upgraded the game from 0.29-a0-972-g43c84944fd to
                  | 0.29-a0-977-g7483850d73
 41013 | Snake:1  | Entered Level 1 of the Snake Pit
 41026 | Snake:1  | Found Gizeokh's Antique Weapon Emporium.
 41089 | Snake:1  | Reached skill level 11 in Shields
 41229 | Snake:1  | Noticed Louise
 41248 | Snake:1  | Killed Louise
 41901 | Snake:1  | Noticed Aizul
 41914 | Snake:1  | Killed Aizul
 42600 | Snake:1  | Reached skill level 12 in Shields
 43312 | Snake:1  | Noticed Agnes
 43320 | Snake:1  | Killed Agnes
 43561 | Snake:1  | Bought a brightly glowing hand axe for 272 gold pieces
 43561 | Snake:1  | Identified the +7 hand axe of Sunlight {spect, rPois rF-
                  | rN+} (You bought it in a shop on level 1 of the Snake Pit)
 43564 | Snake:1  | Bought a bone rapier for 306 gold pieces
 43564 | Snake:1  | Identified the +11 rapier of Fixation {freeze, Fly} (You
                  | bought it in a shop on level 1 of the Snake Pit)
 43615 | Snake:2  | Noticed Donald
 44423 | Snake:2  | Killed Donald
 44424 | Snake:2  | Reached skill level 13 in Shields
 45861 | Snake:2  | Noticed Vashnia
 45870 | Snake:2  | Reached skill level 14 in Shields
 46118 | Snake:2  | Killed Vashnia
 46619 | Snake:2  | Noticed Frances
 46631 | Snake:2  | Killed Frances
 47038 | Snake:2  | Identified the +7 sling of Ash {vorpal, Dex+3}
 47632 | Snake:3  | Found Tuisitar's Antique Weapon Boutique.
 47687 | Snake:3  | Bought a jewelled hand axe for 224 gold pieces
 47687 | Snake:3  | Identified the +5 hand axe of Equivalence {vorpal, rC+
                  | Dex+3} (You bought it in a shop on level 3 of the Snake
                  | Pit)
 48051 | Snake:3  | Found Opuchysh's Jewellery Boutique.
 48791 | Snake:3  | Reached skill level 15 in Shields
 49141 | Snake:3  | Found Jydepood's Assorted Antiques.
 49150 | Snake:3  | Bought a potion of heal wounds for 110 gold pieces
 49150 | Snake:3  | Bought a scroll of blinking for 165 gold pieces
 49655 | Snake:4  | Entered Level 4 of the Snake Pit
 49681 | Snake:4  | Gained mutation: Your melee attacks may debilitate your
                  | foes. [demonic ancestry]
 49681 | Snake:4  | Reached XP level 17. HP: 113/113 MP: 26/32
 50588 | Snake:4  | Reached skill level 10 in Fire Magic
 50893 | Snake:4  | Found Awoloir's General Store.
 50894 | Snake:4  | Found Niroenlu's Specific Store.
 50906 | Snake:4  | Bought a potion of heal wounds for 50 gold pieces
 50906 | Snake:4  | Bought a potion of cancellation for 80 gold pieces
 50906 | Snake:4  | Bought a scroll of poison for 40 gold pieces
 50906 | Snake:4  | Bought a condenser vane for 400 gold pieces
 51240 | Snake:4  | Acquired 1042 gold pieces
 54953 | Snake:4  | Got a serpentine rune of Zot
 55068 | Snake:3  | Bought the ring of Gozag's Felicitations {rC+ Int+2 Dex+6
                  | Slay+2} for 876 gold pieces
 55184 | Lair:3   | Learned a level 3 spell: Mephitic Cloud
 55403 | Shoals:1 | Entered Level 1 of the Shoals
 55812 | Shoals:1 | Found Pyan's Jewellery Boutique.
 55914 | Shoals:2 | Reached XP level 18. HP: 120/120 MP: 32/34
 55977 | Shoals:2 | Found a transporter.
 55999 | Shoals:2 | Found a transporter.
 56172 | Shoals:3 | Noticed Bai Suzhen
 56644 | Shoals:1 | Reached skill level 5 in Armour
 57212 | Shoals:3 | Noticed Ilsuiw
 57228 | Shoals:3 | Killed Ilsuiw
 57469 | Shoals:4 | Entered Level 4 of the Shoals
 57469 | Shoals:4 | Noticed Mara
 57846 | Shoals:3 | Noticed Polyphemus
 57999 | Shoals:3 | Noticed Mlioglotl
 58832 | Shoals:4 | Reached skill level 10 in Armour
 59475 | Shoals:4 | Identified the +5 swamp dragon scales "Sacakkuk" {+Blink
                  | rPois Int-4 Slay+3}
 60097 | Shoals:4 | Noticed DungeonMaster's illusion
 60425 | Shoals:4 | Got a barnacled rune of Zot
 60941 | D:12     | Bought a manual of Dodging for 1120 gold pieces
 61000 | Elf:1    | Entered Level 1 of the Elven Halls
 61101 | Elf:1    | Reached skill level 5 in Dodging
 61193 | Elf:1    | Gained mutation: You are surrounded by an aura of silence.
                  | [demonic ancestry]
 61193 | Elf:1    | Reached XP level 19. HP: 83/117 MP: 9/36
 61506 | Elf:1    | Got the Compendium of the Impact
 62526 | Elf:1    | Reached skill level 10 in Dodging
 63327 | Elf:2    | Found a runed translucent gate.
 63327 | Elf:2    | Found a runed translucent gate.
 63333 | Elf:2    | Found a runed translucent gate.
 63977 | Elf:2    | Acquired 1156 gold pieces
 64002 | Elf:2    | Found Qeics's Antique Armour Shop.
 64473 | Elf:3    | Entered Level 3 of the Elven Halls
 65775 | Elf:3    | Identified the +5 arbalest of Tension {venom, rElec rPois
                  | Will+}
 65780 | Elf:3    | Found Fenyhyfu's Weapon Emporium.
 65782 | Elf:3    | Found Duqijat's Magic Scroll Shoppe.
 65784 | Elf:3    | Found Requo's Assorted Antiques.
 65791 | Elf:3    | Bought a scroll of magic mapping for 90 gold pieces
 65791 | Elf:3    | Bought a scroll of teleportation for 36 gold pieces
 65791 | Elf:3    | Bought a scroll of butterflies for 48 gold pieces
 65791 | Elf:3    | Bought a scroll of butterflies for 48 gold pieces
 65793 | Elf:3    | Bought a potion of haste for 260 gold pieces
 66626 | Elf:3    | Identified the +9 great sword "Weaf" {freeze, Will+ Int-4
                  | Dex+3}
 66666 | Elf:3    | Identified the +6 fire dragon scales of Fun {rF++ rC- Str+2
                  | Int+3}
 66666 | Elf:3    | Identified the amulet "Ulaoha" {Spirit Rampage}
 66826 | Elf:3    | Identified the ring "Luthed" {rC+ Int+2}
 66898 | Elf:3    | Identified the +0 plate armour of Nehal {rC- Int+4 Dex+4}
 67705 | Elf:3    | Identified the amulet of Virtue {Regen+ Str+4 SInv}
 67761 | Elf:3    | Identified the +4 short sword of Defenestration {flame,
                  | rElec Int+4}
 67761 | Elf:3    | Identified the ring "Ypnedd" {rElec AC+4 Int+7 Dex-3}
 67774 | Elf:3    | Reached XP level 20. HP: 100/131 MP: 21/38
 68034 | Elf:3    | Identified the +2 shortbow of the Poles {venom, +Blink rN+
                  | Will+ Stlth+}
 68059 | Elf:3    | Got the Octavo of Congelation and Silt
 68483 | D:15     | Learned a level 5 spell: Borgnjor's Vile Clutch
 68558 | D:15     | Bought a twisted tower shield for 323 gold pieces
 68558 | D:15     | Identified the +7 tower shield "Ashyv" {rPois rCorr Str-4
                  | Int+4} (You bought it in a shop on level 15 of the Dungeon)
 68650 | Vaults:1 | Entered Level 1 of the Vaults
 68741 | Vaults:1 | Found a flickering gateway to a bazaar.
 68746 | Bazaar   | Entered a bazaar
 68763 | Bazaar   | Found Osyxelu's Book Shoppe.
 68764 | Bazaar   | Found Duixu's Antique Armour Shoppe.
 68807 | Bazaar   | Found Jieteigru's Assorted Antiques.
 68807 | Bazaar   | Found Watok's Antique Weapon Emporium.
 68815 | Bazaar   | Bought a shiny helmet for 240 gold pieces
 68815 | Bazaar   | Bought a potion of curing for 96 gold pieces
 68859 | Bazaar   | Bought a book of Sloth for 252 gold pieces
 68866 | Bazaar   | Learned a level 6 spell: Statue Form
 68878 | Bazaar   | Bought a bronze leather armour for 126 gold pieces
 68878 | Bazaar   | Identified the +1 leather armour of Bad Feelings {rPois rN+
                  | SInv Stlth+} (You bought it in a shop in a bazaar)
 68878 | Bazaar   | Bought a smelly leather armour for 126 gold pieces
 68878 | Bazaar   | Identified the +0 leather armour of Jaqouket {Regen+ Dex+5
                  | Stlth+} (You bought it in a shop in a bazaar)
 69108 | Vaults:1 | Paralysed by a great orb of eyes for 3 turns
 69854 | Vaults:1 | Reached skill level 16 in Shields
 71838 | Vaults:2 | Found a staircase to the Crypt.
 71838 | Vaults:2 | Found a basalt altar of Yredelemnul.
 71839 | Vaults:2 | Found an ancient bone altar of Kikubaaqudgha.
 72323 | Vaults:2 | Reached skill level 17 in Shields
 75378 | Vaults:3 | Reached skill level 18 in Shields
 76032 | Vaults:3 | Found a runed translucent gate.
 76032 | Vaults:3 | Noticed dunno567's ghost (adept FeSu)
 76033 | Vaults:3 | Found a runed translucent gate.
 76033 | Vaults:3 | Found a runed translucent gate.
 76361 | Vaults:3 | Reached XP level 21. HP: 137/137 MP: 25/39
 77311 | Vaults:3 | Noticed Zenata
 77319 | Vaults:3 | Killed Zenata
 77331 | Vaults:3 | Reached skill level 19 in Shields
 77381 | Abyss:2  | Cast into level 2 of the Abyss (a wizard)
 77757 | Vaults:3 | Escaped the Abyss
 78344 | Vaults:4 | Noticed Boris
 78360 | Vaults:4 | Killed Boris
 78386 | Vaults:4 | Reached skill level 20 in Shields
 79353 | Vaults:4 | Found a flickering gateway to a bazaar.
 79473 | Bazaar   | Entered a bazaar
 79492 | Bazaar   | Found Xoudieq's Book Emporium.
 79524 | Bazaar   | Found Vulad's Magic Scroll Boutique.
 79532 | Bazaar   | Bought a scroll of teleportation for 48 gold pieces
 79532 | Bazaar   | Bought a scroll of blinking for 120 gold pieces
 79532 | Bazaar   | Bought a scroll of summoning for 152 gold pieces
 79584 | Bazaar   | Found Hasm's Assorted Antiques.
 79592 | Bazaar   | Bought a potion of heal wounds for 85 gold pieces
 79592 | Bazaar   | Bought a potion of heal wounds for 85 gold pieces
 79592 | Bazaar   | Bought a potion of curing for 51 gold pieces
 79592 | Bazaar   | Bought a vibrating bone ring for 85 gold pieces
 79592 | Bazaar   | Identified the ring "Ytuheopt" {rC+ Int+4 Dex-3} (You
                  | bought it in a shop in a bazaar)
 79635 | Bazaar   | Found Maihis's Magic Scroll Emporium.
 79643 | Bazaar   | Bought a scroll of enchant armour for 97 gold pieces
 79643 | Bazaar   | Bought a scroll of magic mapping for 97 gold pieces
 79643 | Bazaar   | Bought a scroll of fear for 52 gold pieces
 79643 | Bazaar   | Bought a scroll of teleportation for 39 gold pieces
 79643 | Bazaar   | Bought a scroll of immolation for 52 gold pieces
 80298 | Vaults:4 | Paralysed by a great orb of eyes for 2 turns
 80321 | Vaults:4 | Found Fulumonu's Antique Armour Shop.
 80324 | Vaults:4 | Bought a pair of warped boots for 323 gold pieces
 80324 | Vaults:4 | Identified the +0 pair of boots of Ru's Wrath {Rampage rF-
                  | rN+} (You bought it in a shop on level 4 of the Vaults)
 81014 | D:15     | Bought a warped rapier for 207 gold pieces
 81014 | D:15     | Identified the +7 rapier of Division {vorpal, rN+ Str+6}
                  | (You bought it in a shop on level 15 of the Dungeon)
 81014 | D:15     | Bought a crude spear for 184 gold pieces
 81014 | D:15     | Identified the +7 spear of Taxoot {spect, rC+ Stlth+} (You
                  | bought it in a shop on level 15 of the Dungeon)
 81047 | Depths:1 | Entered Level 1 of the Depths
 81700 | Depths:1 | Reached skill level 21 in Shields
 81823 | Depths:1 | Identified the +10 hand axe of Kyadisush {vorpal, Fly rN++}
 82033 | Depths:1 | Identified the +3 leather armour of the Sun {Int+6}
 82582 | Depths:1 | Identified the +9 mace of the Rattlesnake {holy, rElec
                  | Str+4 Stlth-}
 82716 | Depths:1 | Reached skill level 1 in Necromancy
 83221 | Depths:1 | Found a gateway to Hell.
 83227 | Depths:1 | Reached skill level 5 in Necromancy
 83585 | Depths:1 | Found a snail-covered altar of Cheibriados.
 83760 | Depths:2 | Reached XP level 22. HP: 143/143 MP: 14/40
 83868 | Depths:2 | Found Homox's Assorted Antiques.
 83921 | Depths:2 | Bought a potion of heal wounds for 100 gold pieces
 83921 | Depths:2 | Bought a scroll of teleportation for 60 gold pieces
 83921 | Depths:2 | Bought a scroll of teleportation for 60 gold pieces
 84133 | Depths:2 | Found a runed translucent gate.
 84134 | Depths:2 | Found a runed translucent gate.
 84135 | Depths:2 | Found a runed translucent gate.
 84135 | Depths:2 | Found an opulent altar of Gozag.
 84136 | Depths:2 | Noticed GrandHerb's ghost (adept MiFi)
 84137 | Depths:2 | Found Woar's Assorted Antiques.
 84139 | Depths:2 | Found Fuistrayss's Assorted Antiques.
 84968 | Depths:2 | Reached skill level 10 in Necromancy
 85789 | Depths:3 | Found a magical portal.
 86137 | Depths:3 | Paralysed by a floating eye for 2 turns
 86442 | Depths:3 | Gained mutation: [You occasionally lose the ability to
                  | drink potions when taking damage.] [a shining eye]
 86664 | Depths:3 | Found a one-way gateway to a ziggurat.
 86827 | Depths:3 | Found a one-way gate to the infinite horrors of the Abyss.
 87393 | Abyss:4  | Cast into level 4 of the Abyss (a wizard)
 87395 | Abyss:4  | Found a corrupted altar of Lugonu.
 87451 | Abyss:5  | Found a corrupted altar of Lugonu.
 87473 | Abyss:5  | Reached skill level 22 in Shields
 87480 | Abyss:5  | Found an ancient bone altar of Kikubaaqudgha.
 87546 | Abyss:5  | Found a corrupted altar of Lugonu.
 87564 | Abyss:5  | Paralysed by accursed screaming for 1 turns
 87807 | Depths:3 | Escaped the Abyss
 88751 | Depths:3 | Noticed a caustic shrike
 88758 | Depths:3 | Killed a caustic shrike
 88832 | Depths:3 | Found a snail-covered altar of Cheibriados.
 89275 | Depths:4 | Entered Level 4 of the Depths
 89299 | Depths:4 | Reached skill level 23 in Shields
 89487 | D:15     | Lost mutation: [You occasionally lose the ability to drink
                  | potions when taking damage.] [potion of mutation]
 89487 | D:15     | Gained mutation: You have sharp toenails. [potion of
                  | mutation]
 89487 | D:15     | Gained mutation: Your flesh is cold resistant. (rC+)
                  | [potion of mutation]
 89579 | Depths:2 | Bought a glowing helmet for 150 gold pieces
 89750 | D:15     | Upgraded the game from 0.29-a0-977-g7483850d73 to
                  | 0.29-a0-994-gc5c9f59d18
 89919 | Depths:4 | Reached XP level 23. HP: 133/134 MP: 41/41
 90078 | Depths:4 | Noticed Boris
 90090 | Depths:4 | Killed Boris
 90122 | Depths:4 | Noticed an ancient lich
 90155 | Depths:4 | Killed an ancient lich
 90626 | Depths:4 | Got Khufu's Exposition on Exhumation
 91296 | Depths:4 | Found a gate to the Realm of Zot.
 91406 | Depths:4 | Reached skill level 24 in Shields
 92173 | D:15     | Learned a level 6 spell: Conjure Ball Lightning
 92329 | Crypt:1  | Entered Level 1 of the Crypt
 93784 | Crypt:1  | Noticed Boris
 93815 | Crypt:1  | Killed Boris
 94320 | Crypt:2  | Found an ancient bone altar of Kikubaaqudgha.
 94386 | Crypt:2  | Reached skill level 25 in Shields
 94619 | Crypt:3  | Entered Level 3 of the Crypt
 94694 | Crypt:3  | Identified the +10 shortbow "Juomn" {flame, Str-3 Dex+5
                  | Stlth+}
 95740 | Crypt:3  | Found a basalt altar of Yredelemnul.
 96188 | Crypt:3  | Identified the +1 robe "Eneus" {rElec}
 96204 | Crypt:3  | Reached XP level 24. HP: 139/139 MP: 14/41
 96370 | Crypt:3  | Got the Folio of Mortification
 97097 | Crypt:3  | Reached skill level 26 in Shields
 97111 | Crypt:3  | Found a staircase to the Tomb.
 98565 | D:15     | Bought a potion of curing for 48 gold pieces
 98565 | D:15     | Bought 2 potions of might for 128 gold pieces
 98762 | Vaults:5 | Entered Level 5 of the Vaults
 98905 | Abyss:5  | Cast into level 5 of the Abyss (a deep elf sorcerer)
 98914 | Abyss:5  | Noticed an ancient lich
 98950 | Abyss:5  | Killed an ancient lich
 99018 | Vaults:5 | Escaped the Abyss
 99289 | Vaults:4 | Reached skill level 27 in Shields
 99479 | Vaults:4 | Reached skill level 5 in Transmutations
 99479 | Vaults:4 | Reached skill level 5 in Earth Magic
100503 | Vaults:5 | Identified the +3 trident of Onlot {pain, *Slow MP+9 Dex+2}
100974 | Vaults:5 | Noticed a dread lich
100997 | Vaults:5 | Killed a dread lich
101044 | Vaults:5 | Identified the +7 spear of Dissolution {antimagic, Int+4
                  | Dex+4}
101228 | Vaults:5 | Identified the +4 ring mail of Filth {rF+}
101310 | Vaults:5 | Got a silver rune of Zot
101327 | Vaults:5 | Identified the +8 morningstar "Voipnuw" {vorpal, *Corrode
                  | rN+++ Str+5 Dex+2}
101363 | Vaults:5 | Reached skill level 15 in Spellcasting
101729 | Vaults:5 | Reached XP level 25. HP: 117/160 MP: 8/42
101828 | Vaults:5 | Found Guobam's Book Shoppe.
102038 | Vaults:5 | Identified the ring "Gygifyga" {rPois rN+ Will+ Int-2}
102059 | Vaults:5 | Identified the +5 war axe of Tomorrow {freeze, rF+ rC-
                  | rCorr}
102595 | D:15     | Bought a potion of heal wounds for 230 gold pieces
102603 | D:15     | Learned a level 6 spell: Iron Shot
102604 | D:15     | Upgraded the game from 0.29-a0-994-gc5c9f59d18 to
                  | 0.29-a0-1008-g949cc1d0fb
102737 | Zot:1    | Entered Level 1 of the Realm of Zot
103203 | Zot:1    | Noticed an orb of fire
103203 | Zot:1    | Gained mutation: [You are frail. (-10% HP)] [an orb of
                  | fire]
103208 | Zot:1    | Gained mutation: Armour fits poorly on your strangely
                  | shaped body. [an orb of fire]
103216 | Zot:1    | Gained mutation: [You are very frail. (-20% HP)] [an orb of
                  | fire]
103218 | Zot:1    | Killed an orb of fire
103470 | D:15     | Lost mutation: You have sharp toenails. [potion of
                  | mutation]
103470 | D:15     | Lost mutation: [You are very frail. (-20% HP)] [potion of
                  | mutation]
103470 | D:15     | Lost mutation: [You are frail. (-10% HP)] [potion of
                  | mutation]
103470 | D:15     | Gained mutation: Your muscles are strong. (Str +4, Int/Dex
                  | -1) [potion of mutation]
103470 | D:15     | Gained mutation: [You occasionally lose the ability to
                  | drink potions when taking damage.] [potion of mutation]
103470 | D:15     | Gained mutation: You have a beak for a mouth. [potion of
                  | mutation]
103471 | D:15     | Lost mutation: Your flesh is cold resistant. (rC+) [potion
                  | of mutation]
103471 | D:15     | Lost mutation: Your muscles are strong. (Str +4, Int/Dex
                  | -1) [potion of mutation]
103471 | D:15     | Lost mutation: You have a beak for a mouth. [potion of
                  | mutation]
103471 | D:15     | Gained mutation: Your muscles are strong. (Str +4, Int/Dex
                  | -1) [potion of mutation]
103471 | D:15     | Gained mutation: Your flesh is cold resistant. (rC+)
                  | [potion of mutation]
103471 | D:15     | Gained mutation: You are agile. (Dex +4, Str/Int -1)
                  | [potion of mutation]
103472 | D:15     | Lost mutation: Your muscles are strong. (Str +4, Int/Dex
                  | -1) [potion of mutation]
103472 | D:15     | Lost mutation: You are agile. (Dex +4, Str/Int -1) [potion
                  | of mutation]
103472 | D:15     | Gained mutation: You have hidden genetic potential. [potion
                  | of mutation]
103473 | D:15     | Lost mutation: Your flesh is cold resistant. (rC+) [potion
                  | of mutation]
103473 | D:15     | Lost mutation: [You occasionally lose the ability to drink
                  | potions when taking damage.] [potion of mutation]
103473 | D:15     | Lost mutation: Armour fits poorly on your strangely shaped
                  | body. [potion of mutation]
103473 | D:15     | Gained mutation: Your spells are a little harder to cast,
                  | but a little more powerful. [potion of mutation]
103473 | D:15     | Lost mutation: Your spells are a little harder to cast, but
                  | a little more powerful. [potion of mutation]
103473 | D:15     | Gained mutation: You have a pair of small horns on your
                  | head. [potion of mutation]
104697 | Zot:2    | Lost mutation: You have a pair of small horns on your head.
                  | [potion of mutation]
104697 | Zot:2    | Lost mutation: You have hidden genetic potential. [potion
                  | of mutation]
104697 | Zot:2    | Gained mutation: Armour fits poorly on your strangely
                  | shaped body. [potion of mutation]
104697 | Zot:2    | Gained mutation: You occasionally shout uncontrollably at
                  | your foes. [potion of mutation]
104697 | Zot:2    | Gained mutation: Your mind is acute. (Int +4, Str/Dex -1)
                  | [potion of mutation]
104903 | Zot:2    | Found a runed translucent gate.
104904 | Zot:2    | Found a runed translucent gate.
104905 | Zot:2    | Found a runed translucent gate.
105019 | Zot:2    | Noticed Ufuczy's ghost (legendary MiFi)
106887 | Zot:3    | Noticed an orb of fire
106891 | Zot:3    | Gained mutation: [Your spells are a little easier to cast,
                  | but a little less powerful.] [an orb of fire]
106900 | Zot:3    | Gained mutation: [You are frail. (-10% HP)] [an orb of
                  | fire]
106904 | Zot:3    | Killed an orb of fire
106905 | Zot:3    | Noticed an orb of fire
107339 | Zig:1    | Entered Level 1 of a ziggurat
107413 | Zig:2    | Entered Level 2 of a ziggurat
107483 | Zig:3    | Entered Level 3 of a ziggurat
107498 | Zig:3    | Paralysed by a vampire knight for 5 turns
107563 | Zig:3    | Identified the amulet of Vegrum {Reflect rElec Str+7 SH+5}
107583 | Zig:4    | Entered Level 4 of a ziggurat
107636 | Zig:4    | Lost mutation: Your mind is acute. (Int +4, Str/Dex -1)
                  | [potion of mutation]
107636 | Zig:4    | Lost mutation: [You are frail. (-10% HP)] [potion of
                  | mutation]
107636 | Zig:4    | Gained mutation: You have very sharp teeth. [potion of
                  | mutation]
107636 | Zig:4    | Gained mutation: You are robust. (+10% HP) [potion of
                  | mutation]
107637 | Zig:4    | Lost mutation: [Your spells are a little easier to cast,
                  | but a little less powerful.] [potion of mutation]
107637 | Zig:4    | Lost mutation: You have very sharp teeth. [potion of
                  | mutation]
107637 | Zig:4    | Gained mutation: You frequently scream uncontrollably at
                  | your foes. [potion of mutation]
107637 | Zig:4    | Gained mutation: You have hidden genetic potential. [potion
                  | of mutation]
107968 | Zig:5    | Entered Level 5 of a ziggurat
108106 | Depths:3 | Quit the game

Illustrated notes

Levels and vault maps discovered:
D:1:      elethiomel_arrival_maze, layout_loops_corners, serial_forest,
          infiniplex_forest_zigzag_2, infiniplex_forest_3_way,
          infiniplex_forest_fountain, infiniplex_forest_end_2,
          infiniplex_forest_clump_C, infiniplex_forest_side_room,
          infiniplex_forest_end_double, basic_ecumenical_altar, serial_shops,
          nicolae_shop_hallway_stairs, shop, nicolae_shop_statue_plus, shop,
          minmay_misc_feat_square
D:2:      layout_loops_ring, basic_altar, serial_bayou_pond_c, uniq_terence
D:3:      layout_basic, mainiacjoe_overflow_alcove_2, saegor_snake_ambush,
          uniq_jessica
D:4:      layout_cave_pods, mainiacjoe_overflow_catwalk,
          mainiacjoe_overflow_alcove_1, zin_treasury, nicolae_uskayaw_en_pointe,
          minmay_temple_entry_tees
D:5:      layout_gridville
D:6:      layout_basic, mainiacjoe_overflow_cross_hatched,
          nicolae_hepliaklqana_hippocampus, uniq_grinder
D:7:      layout_cave_pools, uniq_crazy_yiuf_cottage, uniq_prince_ribbit1
D:8:      layout_rooms, kennysheep_little_box, gammafunk_temple_overflow_statue,
          uniq_joseph, uniq_maggie, uniq_psyche
D:9:      gammafunk_cloud_chamber, layout_long_grid, minmay_stone_trees_medium,
          uniq_gastronok
D:10:     layout_basic, demons_altar, lemuel_crystal_altar,
          hangedman_decor_push, kennysheep_crisscross, grunt_ministairs_4,
          corexii_corridor_pit
D:11:     layout_gridville, david_lair_shrubbed, serial_shops, bzr_firewalk
D:12:     layout_basic, david_orc_5, nicolae_trove_entry_diagonal,
          gammafunk_ghost_spectres, serial_shops, nicolae_shop_advertising_works
          [nicolae_subvault_shop_adworks], minmay_librarian, uniq_maurice
D:13:     layout_layer_cave, hangedman_vaults_entry_quadrant_bands,
          nzn_ghost_randoct, minmay_holes, uniq_rupert
D:14:     layout_basic, nicolae_triple_integral
D:15:     grunt_enter_depths_hoard, layout_stronghold, minivault_11,
          uniq_azrael, uniq_josephine
Temple:   hellmonk_temple_beads
Lair:1:   layout_gridlike, uniq_sonja
Lair:2:   beast_lair_carwin_large_1, layout_loops_ring,
          elwin_shoals_entry_rooms, special_room [special_room_bee],
          chequers_serial_rivers_small_b
Lair:3:   layout_cave_pods, minmay_snake_entry_six_corridors,
          portal_ice_cave_entry_pillars_1, beast_lair_carwin_1
Lair:4:   slaughterhouse, layout_long_grid, nicolae_volcano_entry_vermiform,
          serial_bayou_shore_b
Lair:5:   due_jungle_book, layout_regular_city, slime_entry_2,
          gauntlet_entry_generic, small_statue_intersection, grunt_megastairs_2
Shoals:1: layout_shoals, serial_shops, nicolae_shop_hallway_stairs
Shoals:2: gammafunk_sealed_arena, layout_shoals, nicolae_shoals_undead_eyrie
Shoals:3: layout_shoals, uniq_ilsuiw, uniq_polyphemus, uniq_mlioglotl,
          uniq_bai_suzhen
Shoals:4: shoals_end_hangedman, layout_shoals, uniq_mara
Snake:1:  layout_honeycomb, serial_shops, nicolae_shop_trees,
          serial_bayou_shore_a, uniq_agnes, uniq_aizul, uniq_louise
Snake:2:  layout_gridlike, serial_bayou_shore_b, grunt_megastairs_1,
          uniq_donald, uniq_vashnia, uniq_frances
Snake:3:  layout_chambers, serial_shops, nicolae_stop_n_shop_1,
          nicolae_lakefront_shop, shop
Snake:4:  snake_pit_salamanders_mu, layout_gridlike, nicolae_specific_store,
          nicolae_snake_magic_snake_eye
Orc:1:    layout_caves, ebering_ghost_rock_garden, basic_altar,
          minmay_orc_temple_b
Orc:2:    pf_orc_diabolical, layout_caves, serial_shops, shop
Elf:1:    layout_gridlike, portal_desolation_entry_twin_temple,
          minmay_elf_annihilation, small_statue_intersection
Elf:2:    elven_hall_of_blades_hangedman_original [grunt_blade_entry_basic],
          layout_gridlike, serial_shops, nicolae_shop_overgrown_old_shop,
          grunt_ministairs_14, elves_outpost_lemuel
Elf:3:    grunt_elf_hall_asides, layout_loops_corners, minmay_shop_star
Vaults:1: ontoclasm_vaults_loading_screen, grunt_vaults_bifocal, v_misc_5,
          nicolae_vaults_little_squares_3, st_more_cells,
          ontoclasm_vaults_fault, grunt_vaults_funnel, vaults_room_ringed_pool,
          nicolae_vaults_little_ls, vaults_room_door_ring, v_misc_15,
          layout_vaults_chaotic_city, serial_glass, serial_shops, bzr_entry_road
Vaults:2: dpeg_vaults_monster_row, vaults_room_hallway, vaults_room_hallway,
          ontoclasm_vaults_decontamination, v_misc_26,
          nicolae_vaults_disjoint_gnomons, ontoclasm_vaults_ring_small,
          vaults_dpeg_hooks, v_misc_31, minmay_crypt_entry_necro_gods,
          v_alt_pattern_2, hangedman_vaults_maws, layout_vaults_omnicross
Vaults:3: gammafunk_ghost_split, nicolae_vaults_inception_network,
          vaults_mumra_minichess_inversion, v_pattern_1, ontoclasm_vaults_eye,
          ontoclasm_vaults_ring_square, hangedman_vaults_snaps,
          ontoclasm_vaults_twist, v_misc_14, v_misc_10, v_misc_33,
          grunt_vaults_diagonal, layout_vaults_maze, uniq_zenata
Vaults:4: nicolae_vaults_halls_meeting, v_alt_pattern_3, v_misc_32,
          nicolae_vaults_network_barrier, hangedman_vaults_pinch, v_misc_5,
          nicolae_vaults_little_squares_4, nicolae_vaults_little_squares_1,
          layout_vaults_omnibox, serial_shops, bzr_entry_islet,
          nicolae_shop_window_shopping, uniq_boris
Vaults:5: uniq_margery
Crypt:1:  layout_chaotic_city, grunt_megastairs_5
Crypt:2:  cheibrodos_crypt_eye_of_stone, layout_basic
Crypt:3:  evilmike_haunted_forest
Depths:1: minmay_fractal_lines_corner, layout_gridlike,
          grunt_decor_mini_mirrors, hangedman_geh_valley, slow_altar_2
Depths:2: cheibrodos_tormentor_scu, layout_gridlike, serial_co_window_serial,
          co_window_paths_a, co_window_of_opportunity_a, co_window_paths_b,
          co_window_paths_a, co_window_paths_b, co_window_corner_ca,
          co_window_broadway_b, co_window_2corner, co_window_4corner_a,
          co_window_paths_e, glass_columns_a, glass_columns_b,
          minmay_misc_feat_pillars, ebering_ghost_gozag, rand_demon_pan_entry_3,
          serial_shops, shop, hell_entry
Depths:3: pf_snail_temple, layout_gridlike, enter_ziggurat_b,
          nicolae_abyss_entry_one_way_or_another, infiniplex_enter_wizlab_water,
          nicolae_hell_entry_hellmouth_sunbeams, nicolae_keep_em_comin
Depths:4: grunt_zot_entry_pinwheel, layout_small_grid, special_room
          [special_room_morgue], abyss_entry, hell_entry,
          nicolae_elyvilon_peaceful_grove
Zot:1:    kennysheep_blocky_room, layout_onion
Zot:2:    layout_onion_interference, gammafunk_ghost_necromancy
Zot:3:    layout_cathedral_of_symmetry, grunt_megastairs_4

Skill      XL: |  1  2  3  4  5  6  7  8  9 10 11 12 13 14 15 16 17 18 19 20 21 22 23 24 25 |
---------------+----------------------------------------------------------------------------+-----
Conjurations   | 1 2 3 4 5 10 11 12 | 12.1
Air Magic      | 3 4 5 6 8 9 10 | 10.0
Spellcasting   | 5 6 7 8 10 11 12 13 14 15 16 | 16.1
Fighting       | 2 4 |  4.8
Dodging        | 2 3 4 5 13 | 13.1
Ice Magic      | 6 9 10 | 10.0
Shields        | 1 3 6 8 9 10 15 18 21 23 25 27 | 27.0
Translocations | 4 6 8 |  8.8
Fire Magic     | 4 8 12 13 | 13.9
Transmutations | 4 7 9 |  9.4
Earth Magic    | 4 7 9 |  9.4
Armour         | 3 10 | 10.0
Necromancy     | 6 14 | 14.1
Stealth        | |  1.0

Action                   |  1- 3 |  4- 6 |  7- 9 | 10-12 | 13-15 | 16-18 | 19-21 | 22-24 | 25-27 || total
-------------------------+-------+-------+-------+-------+-------+-------+-------+-------+-------++-------
Melee: Dagger            |    11 |       |       |       |       |       |       |       |       ||    11
       Falchion          |       |     2 |     9 |       |       |       |       |       |       ||    11
       Touch             |       |       |     3 |       |       |       |       |       |       ||     3
       Mace              |       |       |    14 |    26 |    78 |     3 |    10 |    88 |       ||   219
       Staff             |       |       |       |       |       |     8 |    13 |       |       ||    21
       Rapier            |       |       |       |       |       |     3 |     3 |       |       ||     6
       Hand axe          |       |       |       |       |       |       |     1 |   166 |    71 ||   238
       Headbutt          |       |       |       |       |       |       |       |       |     5 ||     5
Throw: Dart              |       |     2 |     7 |       |     4 |       |       |       |       ||    13
 Cast: Shock             |    89 |   147 |   186 |   243 |   492 |   442 |   115 |   155 |     2 ||  1871
       Static Discharge  |       |     5 |    52 |   106 |   202 |    19 |       |       |       ||   384
       Airstrike         |       |       |     5 |     1 |    42 |     8 |       |     3 |       ||    59
       Freezing Cloud    |       |       |     6 |    80 |   193 |   381 |   335 |   236 |    77 ||  1308
       Iskenderun's Myst |       |       |       |     2 |    34 |   243 |   298 |   615 |   145 ||  1337
       Stone Arrow       |       |       |       |       |     3 |   120 |   506 |   918 |     8 ||  1555
       Apportation       |       |       |       |       |       |    56 |     6 |     2 |     1 ||    65
       Borgnjor's Vile C |       |       |       |       |       |       |       |    56 |     5 ||    61
       Conjure Ball Ligh |       |       |       |       |       |       |       |     1 |       ||     1
       Iron Shot         |       |       |       |       |       |       |       |       |    84 ||    84
       Statue Form       |       |       |       |       |       |       |       |       |     1 ||     1
Invok: Call Merchant     |       |     1 |       |       |     4 |       |     3 |     3 |     1 ||    12
Evoke: Box of beasts     |       |       |       |       |     2 |       |     2 |     1 |       ||     5
       Wand              |       |       |       |       |       |     4 |     3 |     4 |       ||    11
       Lightning rod     |       |       |       |       |       |     1 |       |       |       ||     1
       Phantom mirror    |       |       |       |       |       |       |     1 |     1 |       ||     2
       Tin of tremorston |       |       |       |       |       |       |       |     4 |       ||     4
  Use: Scroll            |       |    14 |     7 |    17 |     8 |    10 |    14 |    14 |     6 ||    90
       Potion            |       |       |     4 |       |     4 |     9 |     6 |    22 |     8 ||    53
 Stab: Distracted        |       |       |       |       |       |     1 |     3 |     3 |       ||     7
       Invisible         |       |       |       |       |       |       |       |     1 |       ||     1
Armor: Robe              |    17 |    19 |    33 |     6 |     1 |    40 |       |       |       ||   116
       Steam dragon scal |       |       |       |    18 |       |       |       |       |       ||    18
       Leather armour    |       |       |       |    14 |    95 |       |       |       |       ||   109
       Ring mail         |       |       |       |       |       |    41 |    70 |   158 |       ||   269
       Fire dragon scale |       |       |       |       |       |       |       |    97 |    68 ||   165
       Skin              |       |       |       |       |       |       |       |       |    18 ||    18
Dodge: Dodged            |    28 |    28 |    62 |    77 |   126 |   145 |   127 |   305 |   106 ||  1004
       Repelled          |       |       |       |       |       |    26 |    12 |    31 |    18 ||    87
Block: Buckler           |       |       |       |    48 |   155 |       |       |       |       ||   203
       Reflection        |       |       |       |     2 |    17 |   130 |    44 |       |     2 ||   195
       Kite shield       |       |       |       |       |    14 |   390 |   102 |       |       ||   506
       Tower shield      |       |       |       |       |       |       |   326 |  1235 |   276 ||  1837

Table legend: (Time is in decaauts)
 A = Elapsed time spent in this place.
 B = Non-inter-level travel time spent in this place.
 C = Inter-level travel time spent in this place.
 D = Time resting spent in this place.
 E = Time spent auto-exploring this place.
 F = Levels seen in this place.
 G = Mean time per level.
                   A        B        C        D        E       F      G
               +--------+--------+--------+--------+--------+-----+--------+
         Total | 108742 | 102488 |   6254 |  49148 |  29411 |  63 | 1726.1 |
       Dungeon |  26531 |  24079 |   2452 |   9494 |  10111 |  15 | 1768.7 |
        Temple |    105 |     62 |     43 |      0 |     48 |   1 |  105.0 |
          Lair |  12390 |  11878 |    512 |   5857 |   3849 |   5 | 2478.0 |
        Shoals |   5392 |   5000 |    392 |   2894 |      0 |   4 | 1348.0 |
     Snake Pit |  14200 |  13780 |    420 |   8664 |   2371 |   4 | 3550.0 |
  Orcish Mines |   3896 |   3506 |    390 |   1926 |    812 |   2 | 1948.0 |
   Elven Halls |   7321 |   7197 |    124 |   3853 |   1576 |   3 | 2440.3 |
        Vaults |  15271 |  14672 |    599 |   7358 |   4246 |   5 | 3054.2 |
         Crypt |   6101 |   5957 |    144 |   1811 |   1866 |   3 | 2033.7 |
        Depths |  11009 |   9999 |   1010 |   4617 |   2781 |   4 | 2752.2 |
           Zot |   4338 |   4175 |    163 |   1996 |   1294 |   3 | 1446.0 |
         Abyss |    905 |    905 |      0 |    229 |      0 |   6 |  150.8 |
      Ziggurat |    651 |    651 |      0 |    447 |      0 |   5 |  130.2 |
        Bazaar |    626 |    626 |      0 |      0 |    455 |   3 |  208.7 |
               +--------+--------+--------+--------+--------+-----+--------+

Top non-repeatable levels by time:
 Snake:4: 4956 daAuts
  Lair:5: 4118 daAuts
Depths:3: 3903 daAuts
   Elf:3: 3797 daAuts
    D:15: 3643 daAuts
 Snake:1: 3555 daAuts
Vaults:4: 3515 daAuts
Vaults:3: 3384 daAuts
 Crypt:3: 3301 daAuts
Depths:1: 3188 daAuts
Vaults:1: 3128 daAuts
Vaults:2: 2972 daAuts
 Snake:2: 2966 daAuts
    D:12: 2939 daAuts
    D:13: 2820 daAuts
